 Dungeon Crawl Stone Soup version 0.31-a0-348-g810772c3d7 (webtiles) character file.

Game seed: 5629436062339328620

30 MrRokkomies the Ruffian (level 3, -3/26 HPs)
             Began as a Demonspawn Shapeshifter on July 23, 2023.
             Slain by a sleepcap (5 damage)
             ... on level 2 of the Dungeon.
             The game lasted 00:02:35 (1093 turns).

MrRokkomies the Ruffian (Demonspawn Shapeshifter)   Turns: 1093, Time: 00:02:36

Health: -3/26      AC:  2    Str: 15    XL:     3   Next: 3%
Magic:  3/3        EV: 12    Int: 11    God:
Gold:   103        SH:  0    Dex: 13    Spells: 2/2 levels left

rFire   . .          .
                       - Unarmed
rCold   . . .        (no shield)
rNeg    . . .        a - +0 animal skin
rPois   +            (helmet currently unavailable)
rElec   .            (cloak currently unavailable)
rCorr   .            (gloves currently unavailable)
SInv    .            (boots currently unavailable)
Will    .....        (no amulet)
Stlth   +            f - ring of poison resistance
HPRegen 0.24/turn    (no ring)
MPRegen 0.08/turn

%: no passive effects
@: beast-form
A: beast (slay +2), claws 1, spiny 1
a: Begin Untransformation


You were on level 2 of the Dungeon.
You were a hulking beast.
You visited 1 branch of the dungeon, and saw 2 of its levels.

You collected 103 gold pieces.

Inventory:

Armour
 a - a +0 animal skin (worn)
Jewellery
 f - a ring of poison resistance (left claw)
Talismans
 c - a beast talisman
Wands
 i - a wand of mindburst (14)
Scrolls
 g - a scroll of revelation {unknown}
 h - a scroll of enchant weapon {unknown}
Potions
 b - a potion of lignification
 d - a potion of resistance {unknown}
 e - a potion of mutation {unknown}


   Skills:
 + Level 1.4 Fighting
 + Level 2.1 Dodging
 * Level 3.1 Unarmed Combat
 * Level 3.0 Shapeshifting


You had 2 spell levels left.
You didn't know any spells.
Your spell library contained the following spells:

 Spells                   Type           Power      Damage    Failure   Level
 Magic Dart               Conj           0%         1d3       34%         1
 Call Imp                 Summ           0%         N/A       47%         2
 Mephitic Cloud           Conj/Pois/Air  0%         N/A       71%         3


Dungeon Overview and Level Annotations

Branches:
Dungeon (2/15)

Altars:

Shops:
D:1 (


Innate Abilities, Weirdness & Mutations

You are a hulking beast.
Your limbs bulge with bestial killing power. (Slay +2)
You have sharp fingernails.
You are partially covered in sharp spines.


Message History

You see here a +0 scale mail.
A kobold comes into view. It is wielding a +0 dagger.
There is an escape hatch in the ceiling here.
The kobold shouts!
You claw the kobold!
You kill the kobold!
No target in view!
No target in view!
No target in view!
g - a scroll labelled DOD LIPPAH You open the door.
There is an open door here.
You now have 103 gold pieces (gained 4).
h - a scroll labelled ORIAGR VUONUPO
Found a stone staircase leading up.
Found 2 stones.
i - a wand of mindburst (14)
A sleepcap comes into view.
Found a murky golden potion.
You see here 2 stones.
You scratch the sleepcap.
The sleepcap is lightly damaged.
The sleepcap releases spores at you.
You scratch the sleepcap.
The sleepcap is moderately damaged.
The sleepcap is struck by your spines. The sleepcap barely misses you.
You claw the sleepcap!
The sleepcap is heavily damaged.
The sleepcap releases spores at you.
You are engulfed in a cloud of soporific spores!
You fall asleep.
The sleepcap releases spores at you!!
You wake up.
Ouch! That really hurt!
* * * LOW HITPOINT WARNING * * *
You are engulfed in a cloud of soporific spores!
You are unaffected.
You scratch the sleepcap. You claw the sleepcap.
The sleepcap is severely damaged.
The sleepcap releases spores at you.
You die...

#.......# #.#
#..#.#### #.#
...#.# #.#
...>.#######.#
........)....#
###..#############
#..##..........#
#.†##.########(#
###..##.# #h#
..#.....# #f#
.......## #.#
#.#.##.# #.#
#.#.##.# #.#
....##.# #!#
..####.# #.# ..#
#.. ..# #.# ###


You could see a sleepcap.

Vanquished Creatures
  A dart slug (D:1)
  2 endoplasms
  A goblin (D:1)
  2 hobgoblins (D:1)
  4 jackals (D:1)
  2 kobolds
  4 quokkas
  3 bats (D:1)
  A frilled lizard (D:1)
  3 rats (D:1)
23 creatures vanquished.

Notes
Turn   | Place    | Note
-------+----------+-------------------------------------------
     0 | D:1      | MrRokkomies the Demonspawn Shapeshifter began the quest for
                  | the Orb.
     0 | D:1      | Reached XP level 1. HP: 15/15 MP: 1/1
   188 | D:1      | Gained mutation: You have sharp fingernails. [demonic
                  | ancestry]
   188 | D:1      | Reached XP level 2. HP: 13/21 MP: 2/2
   587 | D:1      | Found Nuutey's Weapon Emporium.
   945 | D:2      | Gained mutation: You are partially covered in sharp spines.
                  | [demonic ancestry]
   945 | D:2      | Reached XP level 3. HP: 22/26 MP: 3/3
  1093 | D:2      | Slain by a sleepcap

Illustrated notes

Levels and vault maps discovered:
D:1:      dpeg_arrival_court, layout_loops_ring, serial_shops,
          nicolae_shop_bloodbath_and_beyond
D:2:      layout_basic, kennysheep_cross_room, uniq_natasha

Skill      XL: |  1  2 |
---------------+-------+-----
Dodging        | 2 |  2.1
Unarmed Combat | 3 |  3.1
Shapeshifting  | 3 |  3.0
Fighting       | |  1.4

Action                     || total
---------------------------++-------
  Melee: Unarmed           ||    81
         Punch             ||     1
   Stab: Sleeping          ||     1
 Armour: Animal skin       ||    17
  Dodge: Dodged            ||    41
         Form:             ||     1
         Beast             ||     1

Table legend: (Time is in decaauts)
 A = Elapsed time spent in this place.
 B = Non-inter-level travel time spent in this place.
 C = Inter-level travel time spent in this place.
 D = Time resting spent in this place.
 E = Time spent auto-exploring this place.
 F = Levels seen in this place.
 G = Mean time per level.
                   A        B        C        D        E       F      G
               +--------+--------+--------+--------+--------+-----+--------+
         Total |   1088 |   1060 |     28 |     23 |    859 |   2 |  544.0 |
       Dungeon |   1088 |   1060 |     28 |     23 |    859 |   2 |  544.0 |
               +--------+--------+--------+--------+--------+-----+--------+

Top non-repeatable levels by time:
     D:1: 881 daAuts
     D:2: 207 daAuts
